 Dungeon Crawl Stone Soup version 0.24-a0-433-gbe6fa4f6cc (webtiles) character file.

Game seed: 4026848260269027861

138 Gargoyl the Skirmisher (level 5, 0/46 HPs)
             Began as a Centaur Abyssal Knight on June 14, 2019.
             Was a Follower of Lugonu.
             Slain by Grinder (4 damage)
             ... on level 3 of the Dungeon.
             The game lasted 00:03:53 (2442 turns).

Gargoyl the Skirmisher (Centaur Abyssal Knight)     Turns: 2442, Time: 00:03:53

Health: 0/46       AC: 10    Str: 14    XL:     5   Next: 1%
Magic:  7/7        EV:  8    Int: 11    God:    Lugonu [*.....]
Gold:   156        SH:  0    Dex: 10    Spells: 4/4 levels left

rFire    + . .     SeeInvis .   a - +1 hand axe
rCold    . . .     Gourm    .   (no shield)
rNeg     . . .     Faith    .   m - +0 ring mail
rPois    .         Spirit   .   (no helmet)
rElec    .         Reflect  .   g - +0 cloak
rCorr    .         Harm     .   d - +2 pair of gloves
MR       .....                  (no barding)
Stlth    ..........             (no amulet)
HPRegen  0.15/turn              h - ring of protection from fire
MPRegen  0.10/turn              (no ring)

@: very quick
A: large, hooves 3, deformed body, speed 2, tough skin 3
a: Depart the Abyss, Renounce Religion


You were on level 3 of the Dungeon.
You worshipped Lugonu.
Lugonu was aware of your devotion.
You were very hungry.

You visited 1 branch of the dungeon, and saw 3 of its levels.
You visited the Abyss 1 time.

You collected 156 gold pieces.

Inventory:

Hand Weapons
 a - a +1 hand axe (weapon)
Armour
 d - a +2 pair of gloves (worn)
 g - a +0 cloak (worn)
 m - a +0 ring mail (worn)
Jewellery
 h - a ring of protection from fire (left hand)
Scrolls
 f - a scroll of remove curse
 j - 4 scrolls of identify
Comestibles
 c - 5 rations


   Skills:
 + Level 3.6 Fighting
 + Level 2.6 Axes
 * Level 2.2 Armour
 * Level 1.6 Dodging
 * Level 2.7 Invocations


You had 4 spell levels left.
You didn't know any spells.
Your spell library was empty.

Dungeon Overview and Level Annotations

Branches:
Dungeon (3/15)

Altars:
Qazlal
Xom

Annotations:
D:3 Grinder


Innate Abilities, Weirdness & Mutations

You have hooves in place of feet.
Armour fits poorly on your strangely shaped body.
You cover ground very quickly.
You have extremely tough skin. (AC +3)


Message History

Grinder gestures at you.
You barely resist. Grinder hits you but does no damage.
You can move again.
Unknown command.
You aren't carrying any potions.
Okay, then.
Grinder gestures at you.
You shrug off the repeated paralysis!
Grinder gestures at you. You resist with significant effort.
You closely miss Grinder.
Grinder is heavily wounded.
Grinder closely misses you.
You barely miss Grinder.
Grinder is heavily wounded.
Grinder hits you but does no damage. Grinder hits you.
* * * LOW HITPOINT WARNING * * *
You writhe in agony.
You die...

# #≈ ##+## #.##...##
≈##≈≈≈...## ###
≈#.≈......## ##.##
≈≈.≈.......####...##
.≈≈........'.......#
##≈........####5..##
#........## ##@##
###.....## ###
##...## ##'##
##.###### #.......#
#..####.# ##...##
####..(..##.##


You could see Grinder.

Vanquished Creatures
  2 jellies (D:3)
  2 adders
  An ooze (D:1)
  3 dart slugs
  A leopard gecko (D:1)
  7 bats
  5 giant cockroaches
  6 hobgoblins
  An iguana (D:3)
  4 jackals (D:1)
  A quokka (D:2)
  3 frilled lizards
  4 goblins
  6 kobolds
  7 rats
53 creatures vanquished.

Notes
Turn   | Place    | Note
-------+----------+-------------------------------------------
     0 | Abyss:1  | Gargoyl the Centaur Abyssal Knight began the quest for the
                  | Orb.
     0 | Abyss:1  | Reached XP level 1. HP: 19/19 MP: 2/2
    34 | Abyss:1  | Noticed a silent spectre
    83 | Abyss:2  | Noticed a red very ugly thing
    83 | Abyss:2  | Noticed a red very ugly thing
    83 | Abyss:2  | Noticed a red ugly thing
    83 | Abyss:2  | Noticed a red very ugly thing
    84 | Abyss:2  | Noticed a red ugly thing
    85 | Abyss:2  | Noticed a red very ugly thing
    87 | D:1      | Escaped the Abyss
   413 | D:1      | Reached XP level 2. HP: 16/26 MP: 3/3
   420 | D:1      | Reached * piety under Lugonu
   826 | D:1      | Reached skill level 1 in Dodging
   869 | D:1      | Reached XP level 3. HP: 31/31 MP: 4/4
  1949 | D:2      | Reached XP level 4. HP: 38/38 MP: 5/5
  1950 | D:2      | Found a stormy altar of Qazlal.
  2033 | D:3      | Found a shimmering altar of Xom.
  2156 | D:3      | Reached XP level 5. HP: 43/46 MP: 7/7
  2404 | D:3      | Noticed Grinder
  2420 | D:3      | Paralysed by Grinder for 2 turns
  2423 | D:3      | HP: 2/46 [Grinder/nerve-wracking pain (7)]
  2430 | D:3      | Paralysed by Grinder for 5 turns
  2442 | D:3      | Slain by Grinder

Levels and vault maps discovered:
D:1:      lemuel_arrival_funnel, layout_basic, kennysheep_doodads,
          minmay_pentomino_p2
D:2:      layout_loops_cross, lemuel_coloured_pillars_altar, first_ration
D:3:      layout_loops_corners, dancing_weapons_uskayaw,
          chequers_serial_rivers_small_b, dk_xom_monty_hall, uniq_grinder

Skill      XL: |  1  2  3 |
---------------+----------+-----
Axes           | 2 |  2.6
Dodging        | 1 |  1.6
Armour         | 2 |  2.2
Fighting       | |  3.6
Invocations    | |  2.7

Action                   |  1- 3 |  4- 6 || total
-------------------------+-------+-------++-------
Melee: Hand axe          |   118 |    30 ||   148
       Kick              |    18 |     8 ||    26
Invok: Depart the Abyss  |     1 |       ||     1
  Use: Scroll            |       |     6 ||     6
  Eat: Chunk             |     2 |       ||     2
Armor: Leather armour    |    69 |     6 ||    75
       Ring mail         |       |     4 ||     4
Dodge: Dodged            |    80 |    15 ||    95

Table legend:
 A = Non-vault XP
 B = Vault XP
 C = Vault XP percentage of total XP
 D = Non-vault monster count
 E = Vault monster count
 F = Vault count percentage of total count
                 A         B        C        D         E       F
            +---------+---------+-------+---------+---------+-------
      Total |     111 |      87 |  43.9 |      48 |       5 |   9.4
            +---------+---------+-------+---------+---------+-------
        D:1 |      48 |       3 |   5.9 |      25 |       2 |   7.4
        D:2 |      47 |       0 |   0.0 |      20 |       0 |   0.0
        D:3 |      16 |      84 |  84.0 |       3 |       3 |  50.0
            +---------+---------+-------+---------+---------+-------
